[ AOE2 MATCH · #507032884 ]
UnrankedMagyars vs Burgundians
Player's team · WIN
[ REPLAY ANALYSIS · EXTRACTED FROM THE RECORDED GAME ]
Feudal
10:25
Castle
23:20
Imperial
36:45
| APM avg | 49.0 |
| APM peak | 95 |
| eAPM avg | 16.2 |
| Villagers / military | 85 / 56 |
Focus
⚔️ 28.1% · 🌾 71.9%
Cavalry Archer ×28 · Magyar Huszar ×8 · Scout Cavalry ×8 · Knight ×5 · Trebuchet (Packed) ×3 · Mangonel ×2
Feudal
11:16
Castle
15:36
Imperial
40:38
| APM avg | 36.6 |
| APM peak | 92 |
| eAPM avg | 19.7 |
| Villagers / military | 108 / 71 |
Focus
⚔️ 24.3% · 🌾 75.7%
Skirmisher ×34 · Cavalry Archer ×17 · Spearman ×6 · Archer ×5 · Mangonel ×5 · Monk ×2
Match map
Initial resources + every placement click. Lines = walls · curves = elevation contours. ◆ gold · ⬟ stone · ● berries · ✦ relic · ◌ wall gap
Your base· ✓ Closed at 23:20 · 8t walls · 3 gate(s)
bl4de's base· ✓ Closed at 15:36 · 0t walls · 4 gate(s)
Smoothed initial terrain · ◌ = detected wall gap · hover for details
Inputs per minute
— theanswer5 - - bl4de
Build order — theanswer5
First 150 of 264 actions detected
| 0:03 | Create | Villager (Male) |
| 0:03 | Create | Villager (Male) |
| 0:03 | Create | Villager (Male) |
| 0:05 | Build | House |
| 0:06 | Build | House |
| 0:43 | Create | Villager (Male) |
| 1:28 | Create | Villager (Male) |
| 1:54 | Build | Lumber Camp |
| 1:59 | Create | Villager (Male) |
| 2:28 | Create | Villager (Male) |
| 2:59 | Create | Villager (Male) |
| 3:11 | Create | Villager (Male) |
| 3:27 | Build | House |
| 3:39 | Create | Villager (Male) |
| 4:17 | Create | Villager (Male) |
| 4:17 | Create | Villager (Male) |
| 4:39 | Create | Villager (Male) |
| 4:47 | Build | House |
| 5:09 | Create | Villager (Male) |
| 5:09 | Create | Villager (Male) |
| 5:52 | Create | Villager (Male) |
| 6:12 | Build | Mill |
| 6:24 | Create | Villager (Male) |
| 6:41 | Research | Loom |
| 6:42 | Create | Villager (Male) |
| 7:06 | Build | House |
| 7:20 | Create | Villager (Male) |
| 7:38 | Build | House |
| 8:15 | Research | Feudal Age |
| 8:15 | Research | Feudal Age |
| 8:23 | Build | Mining Camp |
| 9:12 | Create | Villager (Male) |
| 9:20 | Build | Barracks |
| 10:25 | Age | Feudal Age |
| 10:33 | Build | Watch Tower |
| 10:42 | Build | Mining Camp |
| 10:43 | Create | Villager (Male) |
| 10:46 | Research | Double-Bit Axe |
| 10:54 | Create | Villager (Male) |
| 11:04 | Create | Spearman |
| 11:32 | Create | Villager (Male) |
| 11:43 | Create | Villager (Male) |
| 11:58 | Build | Watch Tower |
| 12:20 | Create | Villager (Male) |
| 12:26 | Build | Palisade Wall |
| 12:28 | Build | Palisade Wall |
| 12:34 | Build | Palisade Wall |
| 12:44 | Create | Villager (Male) |
| 12:56 | Build | Blacksmith |
| 13:09 | Create | Villager (Male) |
| 13:30 | Create | Villager (Male) |
| 13:55 | Create | Villager (Male) |
| 14:03 | Build | Stable |
| 14:09 | Build | Watch Tower |
| 14:25 | Create | Villager (Male) |
| 14:29 | Build | Farm |
| 14:36 | Build | Farm |
| 14:37 | Build | Farm |
| 15:03 | Create | Villager (Male) |
| 15:03 | Create | Villager (Male) |
| 15:29 | Research | Fletching |
| 15:39 | Build | House |
| 15:46 | Create | Villager (Male) |
| 15:52 | Build | Farm |
| 15:53 | Build | Farm |
| 15:58 | Build | Market |
| 16:04 | Create | Villager (Male) |
| 16:17 | Build | Palisade Wall |
| 16:21 | Build | Palisade Wall |
| 16:27 | Create | Villager (Male) |
| 16:54 | Create | Villager (Male) |
| 17:21 | Create | Villager (Male) |
| 17:36 | Build | Farm |
| 17:37 | Build | Farm |
| 17:38 | Build | Farm |
| 17:40 | Build | Farm |
| 18:02 | Create | Scout Cavalry |
| 18:02 | Create | Scout Cavalry |
| 18:03 | Create | Scout Cavalry |
| 18:03 | Create | Scout Cavalry |
| 18:11 | Create | Villager (Male) |
| 18:11 | Create | Villager (Male) |
| 18:15 | Build | Farm |
| 18:16 | Build | Farm |
| 18:50 | Build | House |
| 18:51 | Build | House |
| 18:54 | Build | Farm |
| 18:56 | Build | Farm |
| 20:40 | Research | Castle Age |
| 20:40 | Research | Castle Age |
| 20:54 | Build | Palisade Wall |
| 20:55 | Build | Palisade Wall |
| 21:37 | Research | Horse Collar |
| 21:37 | Research | Horse Collar |
| 21:39 | Research | Bloodlines |
| 21:41 | Research | Scale Barding Armor |
| 22:05 | Build | House |
| 22:16 | Research | Gold Mining |
| 22:32 | Create | Villager (Male) |
| 22:42 | Build | Farm |
| 22:43 | Build | Farm |
| 22:44 | Build | Palisade Wall |
| 22:47 | Build | Farm |
| 23:13 | Build | Archery Range |
| 23:20 | Age | Castle Age |
| 23:23 | Create | Villager (Male) |
| 23:25 | Create | Knight |
| 23:25 | Create | Knight |
| 23:33 | Build | Farm |
| 23:34 | Research | Heavy Plow |
| 23:39 | Build | Town Center |
| 24:06 | Create | Villager (Male) |
| 24:08 | Create | Knight |
| 24:25 | Create | Villager (Male) |
| 24:46 | Create | Cavalry Archer |
| 24:47 | Create | Cavalry Archer |
| 24:55 | Build | House |
| 24:55 | Build | House |
| 25:00 | Research | Wheelbarrow |
| 25:01 | Create | Villager (Male) |
| 25:01 | Create | Villager (Male) |
| 25:02 | Create | Villager (Male) |
| 25:22 | Build | House |
| 25:25 | Create | Cavalry Archer |
| 25:28 | Create | Villager (Male) |
| 25:59 | Create | Villager (Male) |
| 25:59 | Create | Villager (Male) |
| 26:00 | Create | Villager (Male) |
| 26:00 | Create | Villager (Male) |
| 26:10 | Create | Cavalry Archer |
| 26:52 | Build | Siege Workshop |
| 26:57 | Create | Villager (Male) |
| 26:57 | Create | Villager (Male) |
| 27:09 | Create | Cavalry Archer |
| 27:09 | Create | Cavalry Archer |
| 27:17 | Research | Bodkin Arrow |
| 27:17 | Research | Bodkin Arrow |
| 27:29 | Build | Mining Camp |
| 27:50 | Create | Knight |
| 27:50 | Create | Knight |
| 27:52 | Create | Villager (Male) |
| 27:52 | Create | Villager (Male) |
| 27:52 | Create | Villager (Male) |
| 28:08 | Create | Mangonel |
| 28:12 | Create | Cavalry Archer |
| 28:13 | Create | Cavalry Archer |
| 28:16 | Create | Villager (Male) |
| 28:17 | Create | Villager (Male) |
| 28:22 | Build | House |
| 28:22 | Build | House |
Build order — bl4de
First 150 of 323 actions detected
| 0:00 | Create | Villager (Male) |
| 0:00 | Create | Villager (Male) |
| 0:01 | Create | Villager (Male) |
| 0:02 | Build | House |
| 0:02 | Build | House |
| 0:21 | Create | Villager (Male) |
| 0:22 | Create | Villager (Male) |
| 1:24 | Create | Villager (Male) |
| 1:44 | Build | Lumber Camp |
| 1:58 | Create | Villager (Male) |
| 2:28 | Create | Villager (Male) |
| 2:28 | Create | Villager (Male) |
| 2:57 | Build | House |
| 3:01 | Create | Villager (Male) |
| 3:36 | Create | Villager (Male) |
| 3:55 | Create | Villager (Male) |
| 3:56 | Create | Villager (Male) |
| 3:58 | Build | Mill |
| 4:56 | Create | Villager (Male) |
| 5:21 | Create | Villager (Male) |
| 5:59 | Create | Villager (Male) |
| 6:14 | Create | Villager (Male) |
| 6:29 | Research | Double-Bit Axe |
| 6:31 | Build | House |
| 6:48 | Create | Villager (Male) |
| 7:22 | Create | Villager (Male) |
| 7:22 | Create | Villager (Male) |
| 7:54 | Build | Mining Camp |
| 8:16 | Create | Villager (Male) |
| 8:17 | Create | Villager (Male) |
| 8:38 | Build | Farm |
| 8:45 | Research | Feudal Age |
| 8:48 | Build | House |
| 9:09 | Research | Loom |
| 9:21 | Build | Farm |
| 10:34 | Build | Barracks |
| 10:38 | Build | House |
| 10:41 | Build | House |
| 10:53 | Build | House |
| 10:56 | Build | House |
| 11:08 | Build | House |
| 11:16 | Age | Feudal Age |
| 11:21 | Build | Archery Range |
| 11:22 | Create | Villager (Male) |
| 11:30 | Build | House |
| 11:35 | Build | Blacksmith |
| 11:48 | Build | House |
| 11:52 | Create | Villager (Male) |
| 11:54 | Build | House |
| 12:03 | Build | House |
| 12:31 | Create | Villager (Male) |
| 12:54 | Research | Castle Age |
| 13:08 | Build | Farm |
| 13:12 | Create | Archer |
| 13:13 | Create | Archer |
| 13:42 | Build | Farm |
| 13:49 | Build | Farm |
| 14:01 | Build | Farm |
| 14:04 | Build | Farm |
| 14:15 | Build | Watch Tower |
| 14:29 | Create | Villager (Male) |
| 15:03 | Create | Archer |
| 15:10 | Create | Archer |
| 15:15 | Research | Fletching |
| 15:23 | Build | Market |
| 15:32 | Build | Farm |
| 15:34 | Create | Villager (Male) |
| 15:36 | Age | Castle Age |
| 15:46 | Create | Archer |
| 16:04 | Build | Siege Workshop |
| 16:51 | Create | Mangonel |
| 16:56 | Create | Villager (Male) |
| 17:34 | Create | Mangonel |
| 17:44 | Build | Farm |
| 17:49 | Create | Villager (Male) |
| 18:00 | Build | Farm |
| 18:15 | Create | Villager (Male) |
| 18:43 | Create | Villager (Male) |
| 19:07 | Create | Villager (Male) |
| 19:32 | Create | Spearman |
| 19:55 | Create | Villager (Male) |
| 20:41 | Create | Villager (Male) |
| 20:57 | Create | Spearman |
| 21:16 | Create | Spearman |
| 21:19 | Build | House |
| 21:30 | Build | House |
| 21:33 | Build | Palisade Wall |
| 21:58 | Build | Town Center |
| 22:00 | Create | Villager (Male) |
| 22:05 | Create | Villager (Male) |
| 22:29 | Create | Villager (Male) |
| 22:35 | Build | Farm |
| 22:36 | Build | Farm |
| 22:49 | Build | Farm |
| 22:56 | Build | Farm |
| 22:56 | Build | Farm |
| 22:56 | Build | Farm |
| 23:12 | Create | Villager (Male) |
| 23:19 | Create | Spearman |
| 23:26 | Build | House |
| 23:27 | Build | House |
| 23:36 | Create | Spearman |
| 23:36 | Create | Spearman |
| 24:18 | Create | Villager (Male) |
| 24:19 | Create | Villager (Male) |
| 24:24 | Build | Farm |
| 24:25 | Create | Villager (Male) |
| 24:44 | Build | Farm |
| 24:47 | Create | Villager (Male) |
| 24:54 | Build | Lumber Camp |
| 24:57 | Build | Farm |
| 24:59 | Build | Farm |
| 25:18 | Build | House |
| 25:22 | Create | Villager (Male) |
| 25:22 | Create | Villager (Male) |
| 25:22 | Create | Villager (Male) |
| 25:23 | Create | Villager (Male) |
| 25:35 | Create | Flemish Militia |
| 25:35 | Create | Flemish Militia |
| 25:51 | Build | Town Center |
| 25:57 | Research | Squires |
| 26:04 | Build | House |
| 26:05 | Build | House |
| 26:07 | Build | House |
| 26:09 | Create | Villager (Male) |
| 26:19 | Create | Villager (Male) |
| 26:21 | Build | Farm |
| 26:21 | Build | Farm |
| 26:34 | Research | Horse Collar |
| 26:43 | Research | Town Watch |
| 26:54 | Create | Villager (Male) |
| 26:54 | Create | Villager (Male) |
| 26:55 | Create | Villager (Male) |
| 27:03 | Build | Stone Wall |
| 27:25 | Create | Villager (Male) |
| 27:28 | Build | Archery Range |
| 27:35 | Build | Farm |
| 27:49 | Build | Monastery |
| 28:00 | Build | House |
| 28:04 | Create | Villager (Male) |
| 28:04 | Create | Villager (Male) |
| 28:04 | Create | Villager (Male) |
| 28:04 | Create | Villager (Male) |
| 28:06 | Research | Wheelbarrow |
| 28:24 | Research | Scale Mail Armor |
| 28:30 | Build | Farm |
| 28:32 | Build | Farm |
| 28:47 | Build | Archery Range |
| 29:01 | Create | Villager (Male) |
| 29:01 | Create | Villager (Male) |
Match timeline
| 9:20 | theanswer5 · first_building Barracks |
| 10:25 | theanswer5 · age_up feudal |
| 10:34 | bl4de · first_building Barracks |
| 11:16 | bl4de · age_up feudal |
| 11:21 | bl4de · first_building Archery Range |
| 12:26 | theanswer5 · wall_segment Palisade Wall x1 |
| 12:28 | theanswer5 · wall_segment Palisade Wall x1 |
| 12:34 | theanswer5 · wall_segment Palisade Wall x1 |
| 14:03 | theanswer5 · first_building Stable |
| 15:36 | bl4de · age_up castle |
| 16:04 | bl4de · first_building Siege Workshop |
| 16:17 | theanswer5 · wall_segment Palisade Wall x1 |
| 16:21 | theanswer5 · wall_segment Palisade Wall x1 |
| 17:23 | theanswer5 · first_market_buy 100 food |
| 17:27 | bl4de · first_market_sell 100 wood |
| 20:54 | theanswer5 · wall_segment Palisade Wall x1 |
| 20:55 | theanswer5 · wall_segment Palisade Wall x1 |
| 21:33 | bl4de · wall_segment Palisade Wall x1 |
| 21:53 | bl4de · first_market_buy 100 food |
| 22:44 | theanswer5 · wall_segment Palisade Wall x1 |
| 23:13 | theanswer5 · first_building Archery Range |
| 23:20 | theanswer5 · age_up castle |
| 26:52 | theanswer5 · first_building Siege Workshop |
| 27:03 | bl4de · wall_segment Stone Wall x1 |
| 27:49 | bl4de · first_building Monastery |
| 31:12 | theanswer5 · first_building Castle |
| 36:45 | theanswer5 · age_up imperial |
| 40:38 | bl4de · age_up imperial |
| 42:08 | bl4de · resign |
[ AI ANALYSIS · 1 CREDIT ]
What really happened in this match?
Wolo.gg analyzes every decision: build order, eco, micro, common mistakes by bracket. Personalized analysis on WhatsApp or Discord in 30 seconds.
Civ guide
Magyars
Perfil
Jugador #16931029